 Dungeon Crawl Stone Soup version 0.19-a0-1587-gaef70b6 (webtiles) character file.

187 dvd the Grave Robber (level 5, 0/35 HPs)
             Began as a Demonspawn Necromancer on Sept 16, 2016.
             Succumbed to an orc wizard's poison
             ... on level 2 of the Dungeon.
             The game lasted 00:08:26 (3299 turns).

dvd the Grave Robber (Demonspawn Necromancer)       Turns: 3299, Time: 00:08:27

Health: 0/35       AC:  4    Str:  8    XL:     5   Next: 39%
Magic:  10/10      EV: 18    Int: 18    God:
Gold:   92         SH:  0    Dex: 18    Spells: 3 memorised, 3 levels left

rFire  . . .     SeeInvis .     a - +2 short sword (venom)
rCold  . . .     Gourm    .     k - +0 robe
rNeg   . . .     Faith    .     (no shield)
rPois  .         Spirit   .     t - +1 helmet
rElec  .         Dismiss  .     (no cloak)
rCorr  .         Reflect  .     (no gloves)
MR     .....     Harm     .     (no boots)
Stlth  ++........               (no amulet)
                                (no ring)
                                (no ring)

@: confused, agile, lethally poisoned (0 -> -48)
A: talons 2
a: no special abilities


You were on level 2 of the Dungeon.
You were not hungry.

You visited 1 branch of the dungeon, and saw 3 of its levels.

You collected 92 gold pieces.

Inventory:

Hand Weapons
 a - a +2 short sword of venom (weapon)
 l - a +0 hand axe of venom
Armour
 k - a +0 robe (worn)
 t - a +1 helmet (worn)
Scrolls
 d - a scroll of remove curse {unknown}
 g - 3 scrolls of identify {unknown}
 h - 2 scrolls of teleportation {unknown}
 i - a scroll of immolation {unknown}
 j - a scroll of enchant armour {unknown}
 q - 4 scrolls of blinking {unknown}
Potions
 n - a potion of heal wounds {unknown}
 r - a potion of might {unknown}
Books
 b - a book of Necromancy

   Spells                             Type                      Level
   a - Pain                           Necromancy                   1
   b - Animate Skeleton               Necromancy                   1
   c - Vampiric Draining              Necromancy                   3
   d - Regeneration                   Charms/Necromancy            3
   e - Animate Dead                   Necromancy                   4
   f - Control Undead                 Necromancy                   4
Comestibles
 c - 4 bread rations
 f - a chunk of flesh
 m - a meat ration
 o - a beef jerky
 p - 4 slices of pizza
 s - 5 fruits


   Skills:
 + Level 1.0 Short Blades
 + Level 2.1 Dodging
 + Level 1.9 Stealth
 + Level 3.6 Spellcasting
 + Level 5.8 Necromancy


You had 3 spell levels left.
You knew the following spells:

 Your Spells              Type           Power        Failure   Level  Hunger
a - Pain                  Necr           ###.         1%          1    None
b - Vampiric Draining     Necr           ###.......   4%          3    ###....
c - Animate Dead          Necr           N/A          17%         4    ####...


Dungeon Overview and Level Annotations

Branches:
Dungeon (3/15)

Altars:


Innate Abilities, Weirdness & Mutations

You have razor-sharp toenails.


Message History

* * * LOW HITPOINT WARNING * * *
You are more poisoned.
You feel very sick. Something hits you.
You are more poisoned.
You feel very sick.
You hear some strange, mumbled words.
You are more confused.
You feel less invigorated.
You feel very sick. Something hits you.
* * * LOW HITPOINT WARNING * * *
You are more poisoned.
* * * LOW HITPOINT WARNING * * *
You feel very sick. Something hits you.
* * * LOW HITPOINT WARNING * * *
It was a potion of agility.
You feel agile all of a sudden.
You die...

#.############.# #.# #.# #.# #)#
###### #.# ######.# #....#
#.#######......# ###....###
#.##...##.....)# #.'....'.#
#.#+...........###.#....#.#
###.##...####'##.#...##'###.#####
..#.##...# #.#{@..####'####.....
#.#.##...# #.##)#.#.......######
#.#.##...# ##....#.#.⌠...⌠.#.....
#.#.##...# #.....#.#.......#.##..
#.#......###.....#.'...⌠...'.##..
#..........'.....#.#.......#.....
#.#.....####.......#.⌠...⌠.#.....
..#.....# #.......#.......#.#...
#.#.....# ###.....####'####.#...


There were no monsters in sight!

Vanquished Creatures
  An orc priest (D:2)
  Jessica (D:2)
  Robin (D:2)
  2 adders (D:2)
  An ooze (D:2)
  A worm (D:2)
  3 dart slugs
  5 leopard geckos
  7 orcs (D:3)
  5 giant cockroaches
  13 goblins
  6 hobgoblins (D:2)
  6 jackals
  2 kobolds
  2 quokkas
  4 bats
  2 frilled lizards (D:1)
  9 rats
71 creatures vanquished.

Vanquished Creatures (collateral kills)
  A kobold (D:2)
1 creature vanquished.

Grand Total: 72 creatures vanquished

Notes
Turn   | Place    | Note
-------+----------+-------------------------------------------
     0 | D:1      | dvd the Demonspawn Necromancer began the quest for the Orb.
     0 | D:1      | Reached XP level 1. HP: 13/13 MP: 3/3
   436 | D:1      | Gained mutation: You have sharp toenails. [demonic ancestry]
   436 | D:1      | Reached XP level 2. HP: 15/19 MP: 0/5
   984 | D:1      | Reached skill level 5 in Necromancy
  1445 | D:2      | Reached XP level 3. HP: 23/24 MP: 4/6
  1455 | D:2      | Noticed Jessica
  1474 | D:2      | Killed Jessica
  1613 | D:2      | Learned a level 3 spell: Vampiric Draining
  1669 | D:2      | Gained mutation: You have razor-sharp toenails. [demonic ancestry]
  1669 | D:2      | Reached XP level 4. HP: 28/30 MP: 5/8
  1724 | D:2      | Noticed Robin
  1741 | D:2      | Killed Robin
  2104 | D:2      | Learned a level 4 spell: Animate Dead
  2718 | D:3      | Reached XP level 5. HP: 19/35 MP: 0/10
  3291 | D:2      | Reached skill level 1 in Short Blades
  3299 | D:2      | Succumbed to an orc wizard's poison

Vault maps used:
D:1:      dpeg_arrival_triangle_fractal, minivault_24, hangedman_decor_points
D:2:      first_bread, minmay_fountain_box, uniq_robin, uniq_jessica
D:3:      wad_river_or_something

Skill      XL: |  1  2  3  4  5 |
---------------+----------------+-----
Necromancy     | 5 |  5.8
Dodging        | 2 |  2.1
Spellcasting   | 3 |  3.6
Short Blades   | 1 |  1.0
Stealth        | |  1.9

Action                   |  1- 3 |  4- 6 || total
-------------------------+-------+-------++-------
Melee: Dagger            |     9 |       ||     9
       Short sword       |    11 |    70 ||    81
       Kick              |     3 |    13 ||    16
 Cast: Pain              |    51 |    24 ||    75
       Vampiric Draining |       |    10 ||    10
       Animate Dead      |       |     5 ||     5
  Use: Potion            |     1 |     2 ||     3
 Stab: Sleeping          |       |     2 ||     2
  Eat: Chunk             |     3 |     7 ||    10
Armor: Robe              |     9 |    30 ||    39
Dodge: Dodged            |    21 |    58 ||    79
